 Dungeon Crawl Stone Soup version 0.26-a0-21-gf97e55dc39 (webtiles) character file.

Game seed: 17037468455444946157, levelgen mode: classic

65 Amnesiac the Chiller (level 3, 0/26 HPs)
             Began as a Demigod Ice Elementalist on May 26, 2020.
             Slain by a worm (11 damage)
             ... on level 4 of the Dungeon.
             The game lasted 00:03:46 (2758 turns).

Amnesiac the Chiller (Demigod Ice Elementalist)     Turns: 2758, Time: 00:03:46

Health: 0/26       AC:  2    Str: 11    XL:     3   Next: 67%
Magic:  17/18      EV: 13    Int: 21    God:
Gold:   100        SH:  0    Dex: 16    Spells: 2/6 levels left

rFire    . . .     SeeInvis .   j - +1 dagger (venom)
rCold    . . .     Gourm    .   (no shield)
rNeg     . . .     Faith    .   a - +0 robe
rPois    .         Spirit   .   (no helmet)
rElec    .         Reflect  .   (no cloak)
rCorr    .         Harm     .   (no gloves)
MR       .....                  (no boots)
Stlth    ++........             (no amulet)
HPRegen  0.08/turn              k - ring of magical power
MPRegen  0.16/turn              (no ring)

@: lethally poisoned (0 -> -4)
A: high mp 1
a: no special abilities


You were on level 4 of the Dungeon.
You were not hungry.

You visited 2 branches of the dungeon, and saw 5 of its levels.

You collected 100 gold pieces.

Inventory:

Hand Weapons
 j - a +1 dagger of venom (weapon)
Missiles
 h - 20 poisoned darts (quivered)
 i - 9 sling bullets
 r - 48 stones
Armour
 a - a +0 robe (worn)
 e - a +0 pair of gloves
 o - a +2 hat
 t - a +1 pair of gloves
Jewellery
 k - a ring of magical power (left hand)
Wands
 w - a wand of paralysis (4)
Scrolls
 b - 2 scrolls of amnesia {!r, unknown}
 d - 3 scrolls of identify {!r, unknown}
 f - 2 scrolls of remove curse {!r, unknown}
 l - a scroll of blinking {!r, unknown}
 n - a scroll of fear {!r, unknown}
 q - 2 scrolls of noise {!r, unknown}
 s - a scroll of immolation {!r, unknown}
 y - a scroll of teleportation {!r, unknown}
Potions
 g - a potion of flight {!q}
 m - 3 potions of magic {!q, unknown}
 p - a potion of curing {!q}
 v - a potion of mutation {!q, unknown}
 x - a potion of might {!q, unknown}
Comestibles
 c - 3 rations


   Skills:
 - Level 2.0 Dodging
 - Level 2.0 Stealth
 + Level 2.4 Spellcasting
 * Level 4.5 Ice Magic


You had 2 spell levels left.
You knew the following spells:

 Your Spells              Type           Power        Failure   Level  Hunger
a - Freeze                Ice            ###.         2%          1    None
b - Frozen Ramparts       Ice            ###...       7%          3    ###....

Your spell library contained the following spells:

 Spells                   Type           Power        Failure   Level  Hunger
 Animate Skeleton         Necr           N/A          14%         1    None
 Apportation              Tloc           #.....       14%         1    None
 Corona                   Hex            #......      14%         1    None
 Summon Small Mammal      Summ           #...         14%         1    None
 Ozocubu's Armour         Chrm/Ice       ##......     17%         3    ###....
 Hailstorm                Conj/Ice       ##......     50%         4    ####...
 Summon Ice Beast         Ice/Summ       ##......     50%         4    ####...


Dungeon Overview and Level Annotations

Branches:
Dungeon (4/15)             Temple (1/1) D:4


Innate Abilities, Weirdness & Mutations

You have an increased reservoir of magic. (+10% MP)


Message History

(D) Dungeon (T) Temple
Where to? (Enter - D:4, ? - help)
Found a kite shield.
Eating one of 2 chunks of flesh.
You eat one of the 2 chunks of flesh.
This raw flesh tastes terrible.
Found a stone staircase leading down.
Found a ration.
There is a staircase to the Ecumenical Temple here.
You climb downwards.
Welcome to the Ecumenical Temple!
Found a sparkling altar of Nemelex Xobeh and a sacrificial altar of Ru.
There is a staircase back to the Dungeon here.
Found a shimmering blue altar of Sif Muna.
Found a bloodstained altar of Trog.
Found a basalt altar of Yredelemnul.
Found a shadowy altar of Dithmenos.
Found a burning altar of Makhleb.
Found a snail-covered altar of Cheibriados.
Found an opulent altar of Gozag.
Search for what [? for help]? veh Can't find anything matching that.
Unknown command.
(D) Dungeon (T) Temple
Where to? (Enter - Temple, ? - help)
What level of the Dungeon? (default 4, ? - help)
There is a staircase back to the Dungeon here.
All of the chunks of flesh in your inventory have rotted away.
You climb upwards.
Welcome back to the Dungeon!
There is a staircase to the Ecumenical Temple here.
There is a fountain of clear blue water here.
c - 3 rations (gained 1)
An adder comes into view.
An adder is nearby!
An adder is nearby!
Found a scroll labeled SASALO TEOBA.
A worm comes into view.
Found 26 gold pieces.
The helpless adder fails to defend itself.
You puncture the adder!
The adder is poisoned.
The adder is almost dead.
The adder misses you. The adder bites you but does no damage.
You hit the adder but do no damage.
The adder is almost dead.
The adder bites you.
You are poisoned.
The adder poisons you!
You hit the adder.
You kill the adder!
You feel sick.
You hit the worm.
The worm is moderately wounded.
You feel sick.
Casting: Freeze (safe; 2% risk of failure)
Confirm with . or Enter, or press ? or * to list all spells.
Aiming: Freeze (safe; 2% risk of failure)
Press: ? - help, Shift-Dir - straight line, f - worm
Aim: a worm (moderately wounded)
You freeze the worm.
The worm is heavily wounded.
The worm bites you!
* * * LOW HITPOINT WARNING * * *
You barely miss the worm.
The worm is moderately wounded.
The worm bites you!
You die...

....##...## <....###.#
#.# ## ..#...##.# ..#..#
..#...##.# ..#...
.##.##...## #......
.....###..## .......
.......#...######.....$.
..⌠..#..........#w....$.
.....#.####.....@.......
>......#...........#....
.[...##...#..##.........
..⌠..#....#..#..†.......
.........##.............
.....#... ###.?.........
.##.##... ......###.##
.. >.. .. ....##.. ##
...... #.... ...


You could see a worm.

Vanquished Creatures
  2 adders
  2 worms
  2 dart slugs (D:1)
  5 leopard geckos
  An orc (D:3)
  3 bats
  A giant cockroach (D:1)
  5 goblins
  3 hobgoblins
  A ball python (D:1)
  3 kobolds (D:1)
  4 rats
32 creatures vanquished.

Notes
Turn   | Place    | Note
-------+----------+-------------------------------------------
     0 | D:1      | Amnesiac the Demigod Ice Elementalist began the quest for
                  | the Orb.
     0 | D:1      | Reached XP level 1. HP: 14/14 MP: 5/5
   324 | D:1      | Reached XP level 2. HP: 14/20 MP: 1/7
   612 | D:1      | Reached skill level 4 in Ice Magic
  1008 | D:2      | Found a shimmering altar of Xom.
  1054 | D:2      | Reached XP level 3. HP: 3/26 MP: 8/8
  1230 | D:2      | Found an iron altar of Okawaru.
  1402 | D:2      | Found an ancient bone altar of Kikubaaqudgha.
  2018 | D:3      | Learned a level 3 spell: Frozen Ramparts
  2431 | D:3      | Found a glowing golden altar of the Shining One.
  2631 | D:4      | Found a staircase to the Ecumenical Temple.
  2646 | Temple   | Entered the Ecumenical Temple
  2758 | D:4      | Slain by a worm

Illustrated notes

Levels and vault maps discovered:
D:1:      dpeg_arrival_renting, layout_loops_ring, minmay_misc_feat_ornament
D:2:      layout_loops_ring, lemuel_coloured_pillars_altar, old_standard_altar,
          lemuel_crystal_altar
D:3:      layout_rooms, marbit_many_paths
D:4:      layout_cave_pools, lemuel_round_altar, minmay_temple_entry_large_hall,
          grunt_ministairs_4, minmay_misc_feat_tiny, uniq_blork_the_orc
Temple:   compressed_dpeg_triangle_lava_temple

Skill      XL: |  1  2 |
---------------+-------+-----
Stealth        | 2 |  2.0
Spellcasting   | 2 |  2.4
Ice Magic      | 4 |  4.5
Dodging        | 2 |  2.0

Action                   || total
-------------------------++-------
Melee: Unarmed           ||     2
       Dagger            ||    72
 Cast: Freeze            ||    20
  Use: Potion            ||     2
 Stab: Sleeping          ||     3
  Eat: Chunk             ||     6
Armor: Robe              ||    11
Dodge: Dodged            ||    42

Table legend:
 A = Non-vault XP
 B = Vault XP
 C = Vault XP percentage of total XP
 D = Non-vault monster count
 E = Vault monster count
 F = Vault count percentage of total count
                 A         B        C        D         E       F
            +---------+---------+-------+---------+---------+-------
      Total |      92 |       2 |   2.1 |      31 |       1 |   3.1
            +---------+---------+-------+---------+---------+-------
        D:1 |      29 |       0 |   0.0 |      14 |       0 |   0.0
        D:2 |      34 |       0 |   0.0 |      10 |       0 |   0.0
        D:3 |      13 |       2 |  13.3 |       5 |       1 |  16.7
        D:4 |      16 |       0 |   0.0 |       2 |       0 |   0.0
            +---------+---------+-------+---------+---------+-------
